Staline vs Patriotes
(R1)
Created - March 2, 2018 at 19:14
Goals
|
| Staline |
0 |
3 |
1 |
4 |
| Patriotes |
1 |
0 |
1 |
2 |
|
Shots
|
| Staline |
15 |
10 |
7 |
32 |
| Patriotes |
11 |
3 |
21 |
35 |
|
1st period
1. Patriotes , Matt Calvert 21 (Christian Hanson 28) at 9:05
Penalties :
Andrew Gordon (Nyc) for Holding (Minor) at 2:28, Stu Bickel (StJ) for Hooking (Minor) at 19:49
2nd period
2. Staline , Lars Eller 26 (Danny Kristo 9, Marek Zagrapan 19) at 4:31
3. Staline , Tyler Pitlick 21 (Lars Eller 45) at 4:40
4. Staline , Marek Zagrapan 11 (Danny Kristo 10, Tyler Pitlick 26) at 6:14
Penalties :
Timothy Kunes (Nyc) for Tripping (Minor) at 6:23, Matt Calvert (Nyc) for Goalie Interference (Minor) at 11:37, Christian Hanson (Nyc) for Hooking (Minor) at 16:34
3rd period
5. Staline , Nick Spaling 18 (Lars Eller 46) at 13:21
6. Patriotes , Fedor Fedorov 13 (Evgeny Kuznetsov 22) at 19:08
Penalties :
Viktor Loov (StJ) for Interference (Minor) at 6:23, Mike Reilly (StJ) for Roughing (Minor) at 10:05, Alex Petrovic (Nyc) for Tripping (Minor) at 14:38, Mike Reilly (StJ) for Hooking (Minor) at 19:11
Goalie Stats
Allen York (StJ), 33 saves from 35 shots - (0.943), W, 26-14-5, 60:00 minutes
Marek Schwarz (Nyc), 28 saves from 32 shots - (0.875), L, 14-14-5, 60:00 minutes
Players Stats for Staline
Player Name G A P +/- PIM S H SB GA TA FO MP PP MP PK MP
------------------------------------------------------------------------------------
Andrey Pedan 0 0 0 0 0 0 0 0 0 0 0/0 16:09 2:56 2:33
Bryan Bickell 0 0 0 1 0 1 1 0 0 0 0/0 10:00 0:47 1:04
Corey Trivino 0 0 0 -1 0 2 0 0 1 0 2/5 11:09 1:07 0:00
Danny Kristo 0 2 2 1 0 1 1 0 2 0 1/1 10:53 0:10 4:01
David Desharnais 0 0 0 -1 0 2 0 0 0 1 11/17 20:03 3:46 4:01
Dustin Kohn 0 0 0 2 0 3 2 2 1 0 0/0 28:02 6:12 4:14
James Sheppard 0 0 0 -1 0 1 1 1 0 1 0/0 18:02 3:46 0:51
Jiri Sekac 0 0 0 -1 0 1 1 0 0 0 0/0 10:46 0:19 0:00
Jordan Caron 0 0 0 -1 0 4 3 0 0 0 0/0 16:26 4:01 0:00
Jordan Szwarz 0 0 0 -1 0 1 0 1 0 0 0/0 10:26 0:11 0:00
Lars Eller 1 2 3 3 0 4 5 0 2 0 14/32 20:32 5:22 1:40
Marek Zagrapan 1 1 2 1 0 3 0 0 0 0 1/2 7:56 1:02 0:13
Mike Reilly 0 0 0 0 4 0 4 0 1 0 0/0 23:11 3:13 1:30
Nick Spaling 1 0 1 3 0 3 2 0 1 0 0/1 20:21 5:22 1:40
Nikita Nesterov 0 0 0 1 0 0 0 4 0 0 0/0 18:08 0:58 3:27
Stu Bickel 0 0 0 1 2 1 1 1 0 0 0/0 12:21 2:36 0:00
Tyler Pitlick 1 1 2 3 0 5 1 1 0 0 0/0 16:59 4:27 0:00
Viktor Loov 0 0 0 0 2 0 2 2 0 0 0/0 21:47 3:20 1:46
Players Stats for Patriotes
Player Name G A P +/- PIM S H SB GA TA FO MP PP MP PK MP
------------------------------------------------------------------------------------
Aaron Ness 0 0 0 -2 0 0 1 0 0 0 0/0 14:23 0:00 1:54
Alex Petrovic 0 0 0 -2 2 0 1 0 0 0 0/0 13:20 0:00 0:46
Andrew Gordon 0 0 0 -1 2 2 0 2 1 0 2/7 17:38 3:52 4:29
Anthony Bitetto 0 0 0 1 0 1 4 2 0 3 0/0 19:18 2:22 4:14
Austin Watson 0 0 0 0 0 0 0 0 0 0 0/0 2:23 0:00 0:58
Christian Hanson 0 1 1 -1 2 3 1 0 0 0 9/19 19:57 3:57 3:01
David Kolomatis 0 0 0 1 0 2 1 1 0 0 0/0 19:43 2:22 4:29
Emerson Etem 0 0 0 0 0 2 2 0 0 0 0/0 7:06 0:00 0:00
Evgeny Kuznetsov 0 1 1 0 0 0 0 0 0 1 12/25 16:05 0:00 1:50
Fedor Fedorov 1 0 1 0 0 4 2 0 0 2 1/1 21:32 3:57 4:17
Jared Knight 0 0 0 0 0 0 0 0 0 0 0/0 0:00 0:00 0:00
Justin Florek 0 0 0 -1 0 0 1 0 0 0 0/0 8:47 0:00 0:00
Mark Stone 0 0 0 0 0 3 1 0 0 0 0/0 14:16 0:05 0:00
Matt Calvert 1 0 1 -1 2 4 0 0 0 0 0/0 16:58 2:48 1:43
Phil McRae 0 0 0 0 0 2 2 0 0 0 2/2 10:17 0:00 3:19
Riley Barber 0 0 0 0 0 0 0 0 0 0 0/0 0:00 0:00 0:00
Robert Baillargeon 0 0 0 0 0 0 0 0 0 0 0/0 0:36 0:00 0:13
Ryan Wilson 0 0 0 -1 0 6 0 1 0 0 0/0 27:27 4:23 4:55
Scott Glennie 0 0 0 0 0 0 0 0 0 0 0/0 0:00 0:00 0:00
Timothy Kunes 0 0 0 -1 2 2 5 0 0 2 0/0 26:09 4:23 3:32
Tyler Randell 0 0 0 -1 0 3 2 1 1 0 0/0 15:15 2:48 0:00
Vince Hinostroza 0 0 0 0 0 0 0 0 0 0 0/0 7:06 0:00 0:00
Zenon Konopka 0 0 0 -1 0 1 0 1 0 0 3/4 11:43 2:48 0:00
3 Stars
1 - Lars Eller (StJ)
2 - Tyler Pitlick (StJ)
3 - Nick Spaling (StJ)
Power Play
Staline - 0 on 6 Attempt(s) - 0.00%
Patriotes - 0 on 4 Attempt(s) - 0.00%
Penalty Kill
Staline - 4 on 4 Attempt(s) - 100.00%
- Score 0 goal in Penalty Kill
Patriotes - 6 on 6 Attempt(s) - 100.00%
- Score 0 goal in Penalty Kill
Team Stat
Staline - Hits : 24 - Faceoff Wins : 29 - Blocked Shots : 12 - Penalty Minutes : 8
Patriotes - Hits : 23 - Faceoff Wins : 29 - Blocked Shots : 8 - Penalty Minutes : 10
Official
Referees : Auger Stephane and Hebert Ghislain
Linesman : Don Henderson and Brian Mach
Game Notes
4:53 of 2nd period - Penalty Shot by Mark Stone for Patriotes - Stopped by Allen York
Stu Bickel is injured at 8:39 of 2nd period (Right Ankle)
Finance
Level 1 -- Attendance: 1547 (77.35%) -- Ticket Income $61,880
Level 2 -- Attendance: 644 (64.40%) -- Ticket Income $12,880
Total Attendance: 2191 (73.03%)
Total Ticket Income: $74,760
Other Income: $3,738
Total Income: $78,498
Staline
5 vs 5 Forward
Center Left Wing Right Wing Time % Phy DF OF
1 Lars Eller Nick Spaling Tyler Pitlick 40 1 2 2
2 David Desharnais James Sheppard Jordan Caron 30 1 2 2
3 Corey Trivino Jiri Sekac Jordan Szwarz 20 1 2 2
4 Marek Zagrapan Bryan Bickell Danny Kristo 10 1 2 2
5 vs 5 Defense
Defense Defense Time % Phy DF OF
1 Stu Bickel Dustin Kohn 40 1 2 2
2 Mike Reilly Viktor Loov 30 1 2 2
3 Andrey Pedan Nikita Nesterov 20 1 2 2
4 Stu Bickel Dustin Kohn 10 1 2 2
PowerPlay Forward
Center Left Wing Right Wing Time % Phy DF OF
1 Lars Eller Nick Spaling Jordan Caron 60 1 2 2
2 David Desharnais James Sheppard Tyler Pitlick 40 1 2 2
PowerPlay Defense
Defense Defense Time % Phy DF OF
1 Stu Bickel Dustin Kohn 60 1 2 2
2 Mike Reilly Viktor Loov 40 1 2 2
Penalty Kill 4 Players Forward
Center Wing Time % Phy DF OF
1 David Desharnais Danny Kristo 60 1 2 2
2 Lars Eller Nick Spaling 40 1 2 2
Penalty Kill 4 Players Defense
Defense Defense Time % Phy DF OF
1 Stu Bickel Dustin Kohn 60 1 2 2
2 Andrey Pedan Viktor Loov 40 1 2 2
Penalty Kill - 3 Players Forward
Forward Time % Phy DF OF
1 David Desharnais 60 1 2 2
2 Lars Eller 40 1 2 2
Penalty Kill - 3 Players Defense
Defense Defense Time % Phy DF OF
1 Stu Bickel Dustin Kohn 60 1 2 2
2 Andrey Pedan Viktor Loov 40 1 2 2
4 vs 4 Forward
Center Wing Time % Phy DF OF
1 Lars Eller Nick Spaling 60 1 2 2
2 David Desharnais Jordan Szwarz 40 1 2 2
4 vs 4 Defense
Defense Defense Time % Phy DF OF
1 Stu Bickel Dustin Kohn 60 1 2 2
2 Mike Reilly Viktor Loov 40 1 2 2
Last Minutes Offensive
Center Left Wing Right Wing Defense Defense
Lars Eller Nick Spaling Tyler Pitlick Stu Bickel Dustin Kohn
Last Minutes Defensive
Center Left Wing Right Wing Defense Defense
Lars Eller Nick Spaling Tyler Pitlick Stu Bickel Dustin Kohn
Goaltenders
Starting : Allen York
Backup : Joni Ortio
Extra Forwards
Normal : Corey Trivino, Marek Zagrapan, James Sheppard - PP : Corey Trivino, Marek Zagrapan - PK : James Sheppard
Extra Defensemen
Normal : Mike Reilly, Nikita Nesterov, Andrey Pedan - PP : Mike Reilly - PK : Nikita Nesterov, Mike Reilly
Penalty Shots
Nick Spaling, Lars Eller, David Desharnais, Corey Trivino, Jordan Caron
Scratches
Peter Holland (Healthy), Jeff Skinner (Healthy), Charles Hudon (Healthy), Barclay Goodrow (Healthy), David Musil (Healthy)
Darcy Kuemper (Healthy), Sean Maguire (Healthy)
Patriotes
5 vs 5 Forward
Center Left Wing Right Wing Time % Phy DF OF
1 Evgeny Kuznetsov Fedor Fedorov Mark Stone 40 1 2 2
2 Christian Hanson Matt Calvert Tyler Randell 30 1 2 2
3 Zenon Konopka Justin Florek Andrew Gordon 20 1 2 2
4 Phil McRae Vince Hinostroza Emerson Etem 10 1 2 2
5 vs 5 Defense
Defense Defense Time % Phy DF OF
1 Ryan Wilson Timothy Kunes 40 1 2 2
2 Anthony Bitetto David Kolomatis 30 1 2 2
3 Alex Petrovic Aaron Ness 20 1 2 2
4 Ryan Wilson Timothy Kunes 10 1 2 2
PowerPlay Forward
Center Left Wing Right Wing Time % Phy DF OF
1 Christian Hanson Fedor Fedorov Andrew Gordon 60 1 2 2
2 Zenon Konopka Matt Calvert Tyler Randell 40 1 2 2
PowerPlay Defense
Defense Defense Time % Phy DF OF
1 Ryan Wilson Timothy Kunes 60 1 2 2
2 Anthony Bitetto David Kolomatis 40 1 2 2
Penalty Kill 4 Players Forward
Center Wing Time % Phy DF OF
1 Andrew Gordon Christian Hanson 60 1 2 2
2 Fedor Fedorov Matt Calvert 40 1 2 2
Penalty Kill 4 Players Defense
Defense Defense Time % Phy DF OF
1 Ryan Wilson Timothy Kunes 60 1 2 2
2 Anthony Bitetto David Kolomatis 40 1 2 2
Penalty Kill - 3 Players Forward
Forward Time % Phy DF OF
1 Andrew Gordon 60 1 2 2
2 Christian Hanson 40 1 2 2
Penalty Kill - 3 Players Defense
Defense Defense Time % Phy DF OF
1 Ryan Wilson Timothy Kunes 60 1 2 2
2 Anthony Bitetto David Kolomatis 40 1 2 2
4 vs 4 Forward
Center Wing Time % Phy DF OF
1 Andrew Gordon Christian Hanson 60 1 2 2
2 Fedor Fedorov Matt Calvert 40 1 2 2
4 vs 4 Defense
Defense Defense Time % Phy DF OF
1 Ryan Wilson Timothy Kunes 60 1 2 2
2 Anthony Bitetto David Kolomatis 40 1 2 2
Last Minutes Offensive
Center Left Wing Right Wing Defense Defense
Christian Hanson Fedor Fedorov Andrew Gordon Ryan Wilson Timothy Kunes
Last Minutes Defensive
Center Left Wing Right Wing Defense Defense
Christian Hanson Fedor Fedorov Andrew Gordon Ryan Wilson Timothy Kunes
Goaltenders
Starting : Marek Schwarz
Backup : Andrei Vasilevskiy
Extra Forwards
Normal : Mark Stone, Evgeny Kuznetsov, Phil McRae - PP : Mark Stone, Evgeny Kuznetsov - PK : Phil McRae
Extra Defensemen
Normal : Alex Petrovic, Aaron Ness, Anthony Bitetto - PP : Alex Petrovic - PK : Aaron Ness, Anthony Bitetto
Penalty Shots
Andrew Gordon, Christian Hanson, Fedor Fedorov, Matt Calvert, Zenon Konopka
Scratches
Robbie Russo (Broken Nose Injury), Phoenix Copley (Healthy)
% Time on Ice - Staline
Lines # - Real PCT - Wanted PCT - Time Play
Normal Forward
1 - 33% - 40% - 14:24
2 - 30% - 30% - 12:59
3 - 22% - 20% - 9:26
4 - 15% - 10% - 6:31
Normal Defense
1 - 47% - 40% - 20:26
2 - 28% - 30% - 11:58
3 - 18% - 20% - 7:48
4 - 7% - 10% - 3:08
PP Forward
1 - 58% - 60% - 5:44
2 - 42% - 40% - 4:11
PP Defense
1 - 80% - 60% - 7:54
2 - 20% - 40% - 2:01
PK Forward
1 - 75% - 60% - 5:05
2 - 25% - 40% - 1:40
PK Defense
1 - 65% - 60% - 4:22
2 - 35% - 40% - 2:23
PK3 Forward
1 - 0% - 60%
2 - 0% - 40%
PK3 Defense
1 - 0% - 60%
2 - 0% - 40%
44 Forward
1 - 0% - 60%
2 - 0% - 40%
44 Defense
1 - 0% - 60%
2 - 0% - 40%
Last Minute Offensive - 0:00
Last Minute Defensive - 0:00
Total
Forward - 60:00
Defense - 60:00
|
% Time on Ice - Patriotes
Lines # - Real PCT - Wanted PCT - Time Play
Normal Forward
1 - 35% - 40% - 15:00
2 - 29% - 30% - 12:27
3 - 20% - 20% - 8:47
4 - 16% - 10% - 7:06
Normal Defense
1 - 39% - 40% - 16:55
2 - 29% - 30% - 12:43
3 - 29% - 20% - 12:28
4 - 3% - 10% - 1:14
PP Forward
1 - 59% - 60% - 3:57
2 - 41% - 40% - 2:48
PP Defense
1 - 65% - 60% - 4:23
2 - 35% - 40% - 2:22
PK Forward
1 - 83% - 60% - 8:12
2 - 17% - 40% - 1:43
PK Defense
1 - 50% - 60% - 4:55
2 - 50% - 40% - 5:00
PK3 Forward
1 - 0% - 60%
2 - 0% - 40%
PK3 Defense
1 - 0% - 60%
2 - 0% - 40%
44 Forward
1 - 0% - 60%
2 - 0% - 40%
44 Defense
1 - 0% - 60%
2 - 0% - 40%
Last Minute Offensive - 0:00
Last Minute Defensive - 0:00
Total
Forward - 60:00
Defense - 60:00
|
Play by Play
1st period
0:01 of 1st period - Evgeny Kuznetsov wins face-off versus Lars Eller in neutral zone.
0:25 of 1st period - Jordan Caron is hit by Timothy Kunes and loses puck.
0:34 of 1st period - Wrist shot by Matt Calvert.
0:34 of 1st period - Deflect By Christian Hanson.
0:34 of 1st period - Stopped by Allen York with a rebound.
1:09 of 1st period - Slapshot by Marek Zagrapan.
1:09 of 1st period - Stopped by Marek Schwarz with a rebound.
1:39 of 1st period - Wrist shot by Lars Eller.
1:39 of 1st period - Stopped by Marek Schwarz without a rebound.
1:40 of 1st period - Christian Hanson wins face-off versus Lars Eller in Patriotes zone.
1:44 of 1st period - Off-side.
1:45 of 1st period - Christian Hanson wins face-off versus Nick Spaling in neutral zone.
1:52 of 1st period - Off-side.
1:53 of 1st period - David Desharnais wins face-off versus Evgeny Kuznetsov in neutral zone.
2:18 of 1st period - David Desharnais is hit by Anthony Bitetto and loses puck.
2:28 of 1st period - Minor Penalty to Andrew Gordon for Holding.
2:29 of 1st period - Phil McRae wins face-off versus Lars Eller in Patriotes zone.
2:56 of 1st period - Tyler Pitlick is hit by Anthony Bitetto and loses puck.
3:19 of 1st period - Fedor Fedorov is hit by Nick Spaling and loses puck.
4:28 of 1st period - Penalty to Andrew Gordon is over, Andrew Gordon is back on ice.
4:41 of 1st period - Snap shot by Marek Zagrapan.
4:41 of 1st period - Shot Misses the Net.
4:50 of 1st period - Off-side.
4:51 of 1st period - Christian Hanson wins face-off versus Marek Zagrapan in neutral zone.
4:56 of 1st period - Slapshot by Christian Hanson.
4:56 of 1st period - Stopped by Allen York with a rebound.
5:02 of 1st period - Christian Hanson is hit by Mike Reilly and loses puck.
5:40 of 1st period - Alex Petrovic is hit by Nick Spaling and loses puck.
6:03 of 1st period - Slapshot by Timothy Kunes.
6:03 of 1st period - Shot Blocked by James Sheppard.
6:37 of 1st period - Wrist shot by Danny Kristo.
6:37 of 1st period - Stopped by Marek Schwarz with a rebound.
6:51 of 1st period - Justin Florek is hit by Lars Eller and loses puck.
6:56 of 1st period - Slapshot by Lars Eller.
6:56 of 1st period - Stopped by Marek Schwarz without a rebound.
6:57 of 1st period - Christian Hanson wins face-off versus Lars Eller in Patriotes zone.
6:57 of 1st period - Christian Hanson is hit by Tyler Pitlick.
8:02 of 1st period - Dustin Kohn is hit by Phil McRae and loses puck.
8:07 of 1st period - Wrist shot by Emerson Etem.
8:07 of 1st period - Stopped by Allen York without a rebound.
8:08 of 1st period - Evgeny Kuznetsov wins face-off versus Lars Eller in Staline zone.
9:03 of 1st period - Slapshot by Christian Hanson.
9:03 of 1st period - Shot Misses the Net.
9:05 of 1st period - Snap shot by Matt Calvert.
9:05 of 1st period - Goal by Matt Calvert - Staline : 0 - Patriotes : 1.
9:06 of 1st period - Evgeny Kuznetsov wins face-off versus Lars Eller in neutral zone.
9:16 of 1st period - Off-side.
9:17 of 1st period - Christian Hanson wins face-off versus Lars Eller in neutral zone.
9:17 of 1st period - Christian Hanson is hit by Lars Eller.
9:43 of 1st period - Fedor Fedorov is hit by James Sheppard and loses puck.
9:50 of 1st period - Snap shot by David Desharnais.
9:50 of 1st period - Shot Blocked by Ryan Wilson.
9:52 of 1st period - Snap shot by Jordan Caron.
9:52 of 1st period - Stopped by Marek Schwarz with a rebound.
9:54 of 1st period - Wrist shot by James Sheppard.
9:54 of 1st period - Deflect By David Desharnais.
9:54 of 1st period - Stopped by Marek Schwarz with a rebound.
10:06 of 1st period - Wrist shot by Andrew Gordon.
10:06 of 1st period - Stopped by Allen York with a rebound.
10:08 of 1st period - Slapshot by Timothy Kunes.
10:08 of 1st period - Stopped by Allen York without a rebound.
10:09 of 1st period - Zenon Konopka wins face-off versus Lars Eller in Staline zone.
10:24 of 1st period - Slapshot by Lars Eller.
10:24 of 1st period - Stopped by Marek Schwarz with a rebound.
10:36 of 1st period - Anthony Bitetto is hit by Jordan Caron and loses puck.
10:43 of 1st period - Snap shot by David Desharnais.
10:43 of 1st period - Shot Blocked by Anthony Bitetto.
10:59 of 1st period - Snap shot by Christian Hanson.
10:59 of 1st period - Deflect By Matt Calvert.
10:59 of 1st period - Stopped by Allen York without a rebound.
11:00 of 1st period - Christian Hanson wins face-off versus Lars Eller in Staline zone.
11:11 of 1st period - Snap shot by Tyler Pitlick.
11:11 of 1st period - Stopped by Marek Schwarz with a rebound.
11:25 of 1st period - Ryan Wilson is hit by Jordan Caron and loses puck.
12:06 of 1st period - Justin Florek is hit by Mike Reilly and loses puck.
12:35 of 1st period - Off-side.
12:36 of 1st period - Evgeny Kuznetsov wins face-off versus David Desharnais in neutral zone.
12:47 of 1st period - Wrist shot by Jordan Caron.
12:47 of 1st period - Stopped by Marek Schwarz without a rebound.
12:48 of 1st period - Evgeny Kuznetsov wins face-off versus Lars Eller in Patriotes zone.
13:03 of 1st period - Snap shot by Lars Eller.
13:03 of 1st period - Shot Misses the Net.
13:42 of 1st period - Slapshot by James Sheppard.
13:42 of 1st period - Stopped by Marek Schwarz without a rebound.
13:43 of 1st period - David Desharnais wins face-off versus Christian Hanson in Patriotes zone.
13:44 of 1st period - Wrist shot by Jordan Caron.
13:44 of 1st period - Shot Misses the Net.
14:16 of 1st period - Wrist shot by Jiri Sekac.
14:16 of 1st period - Stopped by Marek Schwarz without a rebound.
14:17 of 1st period - David Desharnais wins face-off versus Evgeny Kuznetsov in Patriotes zone.
14:44 of 1st period - Tyler Pitlick is hit by Tyler Randell and loses puck.
15:05 of 1st period - Slapshot by Dustin Kohn.
15:05 of 1st period - Shot Misses the Net.
15:09 of 1st period - Snap shot by Jordan Szwarz.
15:09 of 1st period - Stopped by Marek Schwarz with a rebound.
15:29 of 1st period - Slapshot by Timothy Kunes.
15:29 of 1st period - Stopped by Allen York with a rebound.
15:55 of 1st period - Slapshot by Dustin Kohn.
15:55 of 1st period - Deflect By Ryan Wilson.
15:55 of 1st period - Stopped by Marek Schwarz without a rebound.
15:56 of 1st period - Lars Eller wins face-off versus Christian Hanson in Patriotes zone.
15:57 of 1st period - Wrist shot by Nick Spaling.
15:57 of 1st period - Shot Blocked by David Kolomatis.
16:12 of 1st period - Snap shot by Tyler Randell.
16:12 of 1st period - Deflect By Matt Calvert.
16:12 of 1st period - Shot Blocked by Nikita Nesterov.
16:12 of 1st period - Puck is out of play.
16:13 of 1st period - Evgeny Kuznetsov wins face-off versus David Desharnais in Staline zone.
16:14 of 1st period - Slapshot by Mark Stone.
16:14 of 1st period - Shot Blocked by Dustin Kohn.
16:16 of 1st period - Snap shot by Evgeny Kuznetsov.
16:16 of 1st period - Shot Blocked by Stu Bickel.
16:38 of 1st period - Tyler Pitlick is hit by Tyler Randell and loses puck.
17:07 of 1st period - Stu Bickel is hit by Aaron Ness and loses puck.
17:43 of 1st period - Wrist shot by James Sheppard.
17:43 of 1st period - Shot Blocked by Anthony Bitetto.
18:05 of 1st period - Slapshot by Ryan Wilson.
18:05 of 1st period - Stopped by Allen York with a rebound.
18:07 of 1st period - Snap shot by Ryan Wilson.
18:07 of 1st period - Stopped by Allen York without a rebound.
18:08 of 1st period - Christian Hanson wins face-off versus Lars Eller in Staline zone.
18:33 of 1st period - David Desharnais is hit by Mark Stone and loses puck.
18:42 of 1st period - Snap shot by Mark Stone.
18:42 of 1st period - Shot Misses the Net.
18:54 of 1st period - Snap shot by Corey Trivino.
18:54 of 1st period - Stopped by Marek Schwarz without a rebound.
18:55 of 1st period - Zenon Konopka wins face-off versus Corey Trivino in Patriotes zone.
19:03 of 1st period - Dustin Kohn is hit by Timothy Kunes and loses puck.
19:08 of 1st period - Snap shot by Corey Trivino.
19:08 of 1st period - Stopped by Marek Schwarz without a rebound.
19:09 of 1st period - Lars Eller wins face-off versus Evgeny Kuznetsov in Patriotes zone.
19:34 of 1st period - Matt Calvert is hit by Stu Bickel and loses puck.
19:41 of 1st period - Wrist shot by Tyler Randell.
19:41 of 1st period - Stopped by Allen York with a rebound.
19:43 of 1st period - Wrist shot by Matt Calvert.
19:43 of 1st period - Shot Misses the Net.
19:49 of 1st period - Minor Penalty to Stu Bickel for Hooking.
19:50 of 1st period - Andrew Gordon wins face-off versus David Desharnais in Staline zone.
19:51 of 1st period - Wrist shot by Christian Hanson.
19:51 of 1st period - Shot Misses the Net.
19:53 of 1st period - Wrist shot by Andrew Gordon.
19:53 of 1st period - Shot Misses the Net.
Goals for this period are 0 for Staline vs 1 for Patriotes.
Shots for this period are 15 for Staline vs 11 for Patriotes.
2nd period
0:01 of 2nd period - Danny Kristo wins face-off versus Christian Hanson in neutral zone.
1:49 of 2nd period - Penalty to Stu Bickel is over, Stu Bickel is back on ice.
1:50 of 2nd period - Fedor Fedorov is hit by Lars Eller and loses puck.
2:11 of 2nd period - Wrist shot by Emerson Etem.
2:11 of 2nd period - Stopped by Allen York with a rebound.
2:13 of 2nd period - Snap shot by Vince Hinostroza.
2:13 of 2nd period - Shot Misses the Net.
3:52 of 2nd period - Stu Bickel is hit by Emerson Etem and loses puck.
4:31 of 2nd period - Wrist shot by Lars Eller.
4:31 of 2nd period - Goal by Lars Eller - Staline : 1 - Patriotes : 1.
4:32 of 2nd period - Lars Eller wins face-off versus Evgeny Kuznetsov in neutral zone.
4:38 of 2nd period - Icing by Evgeny Kuznetsov.
4:39 of 2nd period - Lars Eller wins face-off versus Evgeny Kuznetsov in Patriotes zone.
4:40 of 2nd period - Wrist shot by Tyler Pitlick.
4:40 of 2nd period - Goal by Tyler Pitlick - Staline : 2 - Patriotes : 1.
4:41 of 2nd period - Evgeny Kuznetsov wins face-off versus Lars Eller in neutral zone.
4:44 of 2nd period - Slapshot by Timothy Kunes.
4:44 of 2nd period - Shot Misses the Net.
4:53 of 2nd period - Penalty Shot by Mark Stone for Patriotes.
4:53 of 2nd period - Wrist shot by Mark Stone.
4:53 of 2nd period - Stopped by Allen York.
4:54 of 2nd period - Lars Eller wins face-off versus Evgeny Kuznetsov in Patriotes zone.
5:09 of 2nd period - Slapshot by Tyler Pitlick.
5:09 of 2nd period - Stopped by Marek Schwarz with a rebound.
5:19 of 2nd period - Matt Calvert is hit by Viktor Loov and loses puck.
5:47 of 2nd period - Dustin Kohn is hit by Justin Florek and loses puck.
6:04 of 2nd period - Snap shot by Marek Zagrapan.
6:04 of 2nd period - Shot Blocked by Zenon Konopka.
6:06 of 2nd period - Wrist shot by Danny Kristo.
6:06 of 2nd period - Shot Misses the Net.
6:08 of 2nd period - Wrist shot by Marek Zagrapan.
6:08 of 2nd period - Stopped by Marek Schwarz with a rebound.
6:10 of 2nd period - Snap shot by Danny Kristo.
6:10 of 2nd period - Shot Blocked by Andrew Gordon.
6:12 of 2nd period - Wrist shot by Marek Zagrapan.
6:12 of 2nd period - Shot Misses the Net.
6:14 of 2nd period - Wrist shot by Marek Zagrapan.
6:14 of 2nd period - Goal by Marek Zagrapan - Staline : 3 - Patriotes : 1.
6:15 of 2nd period - Lars Eller wins face-off versus Evgeny Kuznetsov in neutral zone.
6:23 of 2nd period - Minor Penalty to Timothy Kunes for Tripping.
6:24 of 2nd period - Lars Eller wins face-off versus Andrew Gordon in Patriotes zone.
6:35 of 2nd period - Slapshot by Stu Bickel.
6:35 of 2nd period - Stopped by Marek Schwarz with a rebound.
7:01 of 2nd period - Slapshot by Dustin Kohn.
7:01 of 2nd period - Shot Misses the Net.
7:03 of 2nd period - Slapshot by Dustin Kohn.
7:03 of 2nd period - Deflect By Tyler Pitlick.
7:03 of 2nd period - Shot Blocked by Andrew Gordon.
7:03 of 2nd period - Puck is out of play.
7:04 of 2nd period - Fedor Fedorov wins face-off versus David Desharnais in Patriotes zone.
7:29 of 2nd period - Anthony Bitetto is hit by Jordan Caron and loses puck.
8:23 of 2nd period - Penalty to Timothy Kunes is over, Timothy Kunes is back on ice.
8:31 of 2nd period - Ryan Wilson is hit by Jiri Sekac and loses puck.
8:38 of 2nd period - Stu Bickel is hit by Timothy Kunes and loses puck.
8:39 of 2nd period - Stu Bickel from Staline is injured at 8:39 of 2nd period (Right Ankle).
8:40 of 2nd period - Evgeny Kuznetsov wins face-off versus Lars Eller in Staline zone.
8:55 of 2nd period - Snap shot by Nick Spaling.
8:55 of 2nd period - Stopped by Marek Schwarz without a rebound.
8:56 of 2nd period - David Desharnais wins face-off versus Christian Hanson in Patriotes zone.
9:05 of 2nd period - Wrist shot by David Desharnais.
9:05 of 2nd period - Deflect By Timothy Kunes.
9:05 of 2nd period - Shot Blocked by Tyler Randell.
9:05 of 2nd period - Puck is out of play.
9:06 of 2nd period - David Desharnais wins face-off versus Christian Hanson in Patriotes zone.
9:07 of 2nd period - Wrist shot by Jordan Caron.
9:07 of 2nd period - Deflect By Tyler Randell.
9:07 of 2nd period - Stopped by Marek Schwarz with a rebound.
10:03 of 2nd period - Ryan Wilson is hit by Mike Reilly and loses puck.
10:56 of 2nd period - Slapshot by David Desharnais.
10:56 of 2nd period - Stopped by Marek Schwarz with a rebound.
11:22 of 2nd period - Wrist shot by David Desharnais.
11:22 of 2nd period - Shot Misses the Net.
11:37 of 2nd period - Minor Penalty to Matt Calvert for Goalie Interference.
11:38 of 2nd period - Andrew Gordon wins face-off versus Lars Eller in Patriotes zone.
12:29 of 2nd period - Fedor Fedorov is hit by Dustin Kohn and loses puck.
12:46 of 2nd period - Snap shot by David Kolomatis.
12:46 of 2nd period - Stopped by Allen York with a rebound.
12:48 of 2nd period - Slapshot by David Kolomatis.
12:48 of 2nd period - Shot Misses the Net.
12:50 of 2nd period - Snap shot by David Kolomatis.
12:50 of 2nd period - Stopped by Allen York without a rebound.
12:51 of 2nd period - Corey Trivino wins face-off versus Andrew Gordon in Staline zone.
12:51 of 2nd period - Corey Trivino is hit by Phil McRae.
13:28 of 2nd period - Danny Kristo is hit by Alex Petrovic and loses puck.
13:37 of 2nd period - Penalty to Matt Calvert is over, Matt Calvert is back on ice.
13:43 of 2nd period - Jordan Szwarz is hit by David Kolomatis and loses puck.
14:43 of 2nd period - Danny Kristo is hit by Timothy Kunes and loses puck.
15:24 of 2nd period - Viktor Loov is hit by Timothy Kunes and loses puck.
16:34 of 2nd period - Minor Penalty to Christian Hanson for Hooking.
16:35 of 2nd period - Lars Eller wins face-off versus Andrew Gordon in Patriotes zone.
16:56 of 2nd period - Backhand shot by Dustin Kohn.
16:56 of 2nd period - Stopped by Marek Schwarz without a rebound.
16:57 of 2nd period - David Desharnais wins face-off versus Andrew Gordon in Patriotes zone.
17:37 of 2nd period - Snap shot by Fedor Fedorov.
17:37 of 2nd period - Shot Misses the Net.
18:01 of 2nd period - Ryan Wilson is hit by Lars Eller and loses puck.
18:34 of 2nd period - Penalty to Christian Hanson is over, Christian Hanson is back on ice.
19:42 of 2nd period - Alex Petrovic is hit by Mike Reilly and loses puck.
Goals for this period are 3 for Staline vs 0 for Patriotes.
Shots for this period are 10 for Staline vs 3 for Patriotes.
3rd period
0:01 of 3rd period - Lars Eller wins face-off versus Evgeny Kuznetsov in neutral zone.
0:47 of 3rd period - Icing by Jiri Sekac.
0:48 of 3rd period - Zenon Konopka wins face-off versus Corey Trivino in Staline zone.
0:53 of 3rd period - Snap shot by Mark Stone.
0:53 of 3rd period - Stopped by Allen York with a rebound.
0:59 of 3rd period - Wrist shot by Mark Stone.
0:59 of 3rd period - Shot Blocked by Dustin Kohn.
1:01 of 3rd period - Slapshot by Anthony Bitetto.
1:01 of 3rd period - Deflect By Fedor Fedorov.
1:01 of 3rd period - Stopped by Allen York without a rebound.
1:02 of 3rd period - Evgeny Kuznetsov wins face-off versus Lars Eller in Staline zone.
1:13 of 3rd period - Slapshot by Fedor Fedorov.
1:13 of 3rd period - Shot Blocked by Tyler Pitlick.
1:15 of 3rd period - Snap shot by Mark Stone.
1:15 of 3rd period - Shot Blocked by Nikita Nesterov.
1:17 of 3rd period - Slapshot by Mark Stone.
1:17 of 3rd period - Stopped by Allen York with a rebound.
2:10 of 3rd period - Mike Reilly is hit by Anthony Bitetto and loses puck.
2:34 of 3rd period - Off-side.
2:35 of 3rd period - Marek Zagrapan wins face-off versus Evgeny Kuznetsov in neutral zone.
2:46 of 3rd period - Slapshot by Ryan Wilson.
2:46 of 3rd period - Stopped by Allen York without a rebound.
2:47 of 3rd period - Evgeny Kuznetsov wins face-off versus Lars Eller in Staline zone.
2:50 of 3rd period - Wrist shot by Fedor Fedorov.
2:50 of 3rd period - Stopped by Allen York with a rebound.
2:52 of 3rd period - Wrist shot by Fedor Fedorov.
2:52 of 3rd period - Stopped by Allen York with a rebound.
2:54 of 3rd period - Wrist shot by Mark Stone.
2:54 of 3rd period - Shot Misses the Net.
3:18 of 3rd period - Snap shot by Matt Calvert.
3:18 of 3rd period - Deflect By Christian Hanson.
3:18 of 3rd period - Stopped by Allen York with a rebound.
3:20 of 3rd period - Wrist shot by Matt Calvert.
3:20 of 3rd period - Stopped by Allen York without a rebound.
3:21 of 3rd period - Evgeny Kuznetsov wins face-off versus Lars Eller in Staline zone.
3:24 of 3rd period - Wrist shot by Mark Stone.
3:24 of 3rd period - Stopped by Allen York with a rebound.
3:46 of 3rd period - James Sheppard is hit by Christian Hanson and loses puck.
4:05 of 3rd period - Slapshot by Ryan Wilson.
4:05 of 3rd period - Shot Misses the Net.
4:28 of 3rd period - Wrist shot by Phil McRae.
4:28 of 3rd period - Shot Misses the Net.
4:59 of 3rd period - Snap shot by Mark Stone.
4:59 of 3rd period - Shot Misses the Net.
5:17 of 3rd period - Wrist shot by Tyler Randell.
5:17 of 3rd period - Stopped by Allen York with a rebound.
5:19 of 3rd period - Slapshot by Anthony Bitetto.
5:19 of 3rd period - Deflect By David Desharnais.
5:19 of 3rd period - Stopped by Allen York with a rebound.
5:39 of 3rd period - Snap shot by Tyler Pitlick.
5:39 of 3rd period - Stopped by Marek Schwarz with a rebound.
6:13 of 3rd period - Alex Petrovic is hit by Bryan Bickell and loses puck.
6:23 of 3rd period - Minor Penalty to Viktor Loov for Interference.
6:24 of 3rd period - David Desharnais wins face-off versus Christian Hanson in Staline zone.
6:33 of 3rd period - Slapshot by Ryan Wilson.
6:33 of 3rd period - Stopped by Allen York without a rebound.
6:34 of 3rd period - David Desharnais wins face-off versus Christian Hanson in Staline zone.
6:34 of 3rd period - David Desharnais is hit by Fedor Fedorov.
6:48 of 3rd period - Snap shot by Andrew Gordon.
6:48 of 3rd period - Stopped by Allen York without a rebound.
6:49 of 3rd period - David Desharnais wins face-off versus Christian Hanson in Staline zone.
7:20 of 3rd period - Snap shot by Matt Calvert.
7:20 of 3rd period - Stopped by Allen York with a rebound.
8:01 of 3rd period - Andrew Gordon is hit by Lars Eller and loses puck.
8:23 of 3rd period - Penalty to Viktor Loov is over, Viktor Loov is back on ice.
8:24 of 3rd period - Tyler Randell is hit by Dustin Kohn and loses puck.
9:01 of 3rd period - Wrist shot by Lars Eller.
9:01 of 3rd period - Deflect By Tyler Pitlick.
9:01 of 3rd period - Stopped by Marek Schwarz without a rebound.
9:02 of 3rd period - Lars Eller wins face-off versus Evgeny Kuznetsov in Patriotes zone.
9:27 of 3rd period - Slapshot by Phil McRae.
9:27 of 3rd period - Stopped by Allen York without a rebound.
9:28 of 3rd period - Christian Hanson wins face-off versus Corey Trivino in Staline zone.
9:33 of 3rd period - Snap shot by Ryan Wilson.
9:33 of 3rd period - Shot Blocked by Jordan Szwarz.
9:35 of 3rd period - Wrist shot by Matt Calvert.
9:35 of 3rd period - Shot Blocked by Viktor Loov.
9:37 of 3rd period - Slapshot by Ryan Wilson.
9:37 of 3rd period - Stopped by Allen York with a rebound.
9:39 of 3rd period - Snap shot by Matt Calvert.
9:39 of 3rd period - Shot Blocked by Viktor Loov.
9:41 of 3rd period - Wrist shot by Matt Calvert.
9:41 of 3rd period - Deflect By Tyler Randell.
9:41 of 3rd period - Stopped by Allen York without a rebound.
9:42 of 3rd period - Evgeny Kuznetsov wins face-off versus Lars Eller in Staline zone.
9:43 of 3rd period - Slapshot by Ryan Wilson.
9:43 of 3rd period - Deflect By Dustin Kohn.
9:43 of 3rd period - Stopped by Allen York without a rebound.
9:44 of 3rd period - Lars Eller wins face-off versus Evgeny Kuznetsov in Staline zone.
9:49 of 3rd period - Snap shot by Dustin Kohn.
9:49 of 3rd period - Deflect By Timothy Kunes.
9:49 of 3rd period - Stopped by Marek Schwarz with a rebound.
10:05 of 3rd period - Minor Penalty to Mike Reilly for Roughing.
10:06 of 3rd period - David Desharnais wins face-off versus Christian Hanson in Staline zone.
12:05 of 3rd period - Penalty to Mike Reilly is over, Mike Reilly is back on ice.
12:22 of 3rd period - Wrist shot by Bryan Bickell.
12:22 of 3rd period - Stopped by Marek Schwarz with a rebound.
13:19 of 3rd period - Snap shot by Nick Spaling.
13:19 of 3rd period - Stopped by Marek Schwarz without a rebound.
13:20 of 3rd period - Lars Eller wins face-off versus Christian Hanson in Patriotes zone.
13:21 of 3rd period - Snap shot by Nick Spaling.
13:21 of 3rd period - Goal by Nick Spaling - Staline : 4 - Patriotes : 1.
13:22 of 3rd period - Lars Eller wins face-off versus Evgeny Kuznetsov in neutral zone.
13:53 of 3rd period - Timothy Kunes is hit by Viktor Loov.
14:38 of 3rd period - Minor Penalty to Alex Petrovic for Tripping.
14:39 of 3rd period - Lars Eller wins face-off versus Andrew Gordon in Patriotes zone.
16:04 of 3rd period - Tyler Pitlick is hit by Anthony Bitetto and loses puck.
16:38 of 3rd period - Penalty to Alex Petrovic is over, Alex Petrovic is back on ice.
17:23 of 3rd period - Snap shot by Zenon Konopka.
17:23 of 3rd period - Stopped by Allen York with a rebound.
17:48 of 3rd period - Danny Kristo is hit by Fedor Fedorov and loses puck.
18:03 of 3rd period - Viktor Loov is hit by Emerson Etem and loses puck.
18:22 of 3rd period - Wrist shot by Jordan Caron.
18:22 of 3rd period - Stopped by Marek Schwarz with a rebound.
18:58 of 3rd period - Snap shot by Ryan Wilson.
18:58 of 3rd period - Shot Blocked by Nikita Nesterov.
19:00 of 3rd period - Snap shot by Vince Hinostroza.
19:00 of 3rd period - Deflect By Emerson Etem.
19:00 of 3rd period - Shot Blocked by Nikita Nesterov.
19:00 of 3rd period - Puck is out of play.
19:01 of 3rd period - Phil McRae wins face-off versus David Desharnais in Staline zone.
19:04 of 3rd period - Snap shot by Phil McRae.
19:04 of 3rd period - Stopped by Allen York without a rebound.
19:05 of 3rd period - David Desharnais wins face-off versus Evgeny Kuznetsov in Staline zone.
19:08 of 3rd period - Wrist shot by Fedor Fedorov.
19:08 of 3rd period - Goal by Fedor Fedorov - Staline : 4 - Patriotes : 2.
19:09 of 3rd period - Corey Trivino wins face-off versus Zenon Konopka in neutral zone.
19:11 of 3rd period - Minor Penalty to Mike Reilly for Hooking.
19:12 of 3rd period - Christian Hanson wins face-off versus David Desharnais in Staline zone.
19:38 of 3rd period - Zenon Konopka is hit by Danny Kristo and loses puck.
Goals for this period are 1 for Staline vs 1 for Patriotes.
Shots for this period are 7 for Staline vs 21 for Patriotes.
Back to the Top